TOP OF THE 1ST |
Eau Claire Esquires batting - Pitching for Saskatoon Smokin' Guns : RHP Ismael Ramírez
|
Pitching: RHP Ismael Ramírez
|
|
Batting: RHB Tom McBride
|
0-0: Called Strike 0-1: Ball 1-1: Ball 2-1: Ball 3-1: Called Strike 3-2: SINGLE (Flyball, 8LS)
|
Batting: LHB Johnny Foley
|
0-0: Ball 1-0: Ball 2-0: SINGLE (Groundball, 34D) Tom McBride to second Runner from 2nd tries for 3rd, SAFE, throw made to third
|
Batting: SHB Paul Davenport
|
0-0: Ball 1-0: Ball 2-0: Called Strike 2-1: SINGLE (Line Drive, 8RS) Tom McBride scores Johnny Foley to second
|
Batting: LHB Steve Arnold
|
0-0: Called Strike Johnny Foley is caught stealing 3rd base Paul Davenport to second 0-1: Called Strike 0-2: SINGLE (Flyball, 78S) Paul Davenport to third
|
Batting: RHB River Cunningham
|
0-0: Ball 1-0: Called Strike 1-1: Grounds into double play, 6-4-3 (Groundball, 6)
|
Top of the 1st over - 1 run, 4 hits, 0 errors, 1 left on base; Eau Claire 1 - Saskatoon 0 |
BOTTOM OF THE 1ST |
Saskatoon Smokin' Guns batting - Pitching for Eau Claire Esquires : RHP Clarence Holmes
|
Pitching: RHP Clarence Holmes
|
|
Batting: RHB Luis Suárez
|
0-0: SINGLE (Groundball, 34D)
|
Batting: LHB Jim Hall
|
0-0: Ball 1-0: TRIPLE (Flyball, 8LXD) Luis Suárez scores
|
Batting: RHB Juan Alvarado
|
0-0: Ball 1-0: Called Strike 1-1: Ball 2-1: Foul Ball, location: 2F 2-2: Reached on error, E1 (Groundball, 13S) Jim Hall scores
|
Batting: RHB Lyle Johnston
|
0-0: Foul Ball, location: 2F 0-1: Swinging Strike 0-2: Ball Juan Alvarado is caught stealing 2nd base 1-2: Ball 2-2: Strikes out swinging
|
Batting: RHB Bill Ménard
|
0-0: Ball 1-0: Foul Ball, location: 2F 1-1: Ball 2-1: Ball 3-1: Called Strike 3-2: Base on Balls
|
Batting: RHB Mike Ratzlaff
|
0-0: Ball 1-0: Fielders Choice at 2nd, U6 (Groundball, 6M)
|
Bottom of the 1st over - 2 runs, 2 hits, 1 error, 1 left on base; Eau Claire 1 - Saskatoon 2 |
TOP OF THE 2ND |
Eau Claire Esquires batting - Pitching for Saskatoon Smokin' Guns : RHP Ismael Ramírez
|
Batting: RHB Claudio Rodríguez
|
0-0: Ball 1-0: Ball 2-0: Ball 3-0: Base on Balls
|
Batting: LHB Caleb Ruíz
|
0-0: Called Strike 0-1: Ball 1-1: Ball 2-1: 2-RUN HOME RUN (Flyball, 9D), Distance : 414 ft
|
Batting: RHB Ron Moore
|
0-0: Ball 1-0: Called Strike 1-1: Ball 2-1: SINGLE (Line Drive, 7S)
|
Batting: RHB Jorge Silva
|
0-0: Reached on error, E4 (Popup, 4D) Ron Moore to second
|
Batting: RHB Tom McBride
|
0-0: Ball 1-0: Ball 2-0: 3-RUN HOME RUN (Flyball, 7D), Distance : 421 ft
|
Batting: LHB Johnny Foley
|
0-0: Foul Ball, location: 2F 0-1: Ball 1-1: Foul Ball, location: 2F 1-2: SINGLE (Groundball, 34D)
|
Batting: SHB Paul Davenport
|
0-0: Ball 1-0: Foul Ball, location: 2F 1-1: Fly out, F9 (Line Drive, 9)
|
Batting: LHB Steve Arnold
|
0-0: Ball 1-0: Ball 2-0: Foul Ball, location: 2F 2-1: Foul Ball, location: 2F 2-2: Ball 3-2: Foul Ball, location: 2F 3-2: Strikes out swinging
|
Batting: RHB River Cunningham
|
0-0: Ball 1-0: Called Strike 1-1: Fly out, F9 (Line Drive, 9)
|
Top of the 2nd over - 5 runs, 4 hits, 1 error, 1 left on base; Eau Claire 6 - Saskatoon 2 |
BOTTOM OF THE 2ND |
Saskatoon Smokin' Guns batting - Pitching for Eau Claire Esquires : RHP Clarence Holmes
|
Batting: RHB Júlio Durán
|
0-0: Called Strike 0-1: Ball 1-1: Ball 2-1: Fly out, F5 (Popup, 25F)
|
Batting: RHB Héctor Garza
|
0-0: Called Strike 0-1: Ball 1-1: Ball 2-1: Ball 3-1: Foul Ball, location: 2F 3-2: Base on Balls
|
Batting: RHB Júlio Rivera
|
0-0: Ball 1-0: Fielders Choice at 2nd, 5-4 (Groundball, 56)
|
Batting: RHB Luis Suárez
|
0-0: Fly out, F8 (Flyball, 8RD)
|
Bottom of the 2nd over - 0 runs, 0 hits, 0 errors, 1 left on base; Eau Claire 6 - Saskatoon 2 |
TOP OF THE 3RD |
Eau Claire Esquires batting - Pitching for Saskatoon Smokin' Guns : RHP Ismael Ramírez
|
Batting: RHB Claudio Rodríguez
|
0-0: Ball 1-0: Called Strike 1-1: Foul Ball, location: 2F 1-2: Ground out 5-3 (Groundball, 56S)
|
Batting: LHB Caleb Ruíz
|
0-0: Ball 1-0: Foul Ball, location: 2F 1-1: Foul Ball, location: 2F 1-2: Strikes out swinging
|
Batting: RHB Ron Moore
|
0-0: Called Strike 0-1: Ball 1-1: Ball 2-1: Ground out 6-3 (Groundball, 6)
|
Top of the 3rd over - 0 runs, 0 hits, 0 errors, 0 left on base; Eau Claire 6 - Saskatoon 2 |
BOTTOM OF THE 3RD |
Saskatoon Smokin' Guns batting - Pitching for Eau Claire Esquires : RHP Clarence Holmes
|
Batting: LHB Jim Hall
|
0-0: Called Strike 0-1: Ball 1-1: SINGLE (Groundball, 34D)
|
Batting: RHB Juan Alvarado
|
0-0: Ball Jim Hall steals 2nd base 1-0: Ball 2-0: Called Strike 2-1: Ball 3-1: Called Strike 3-2: SINGLE (Popup, 3D) Jim Hall to third Runner from 3rd tries for Home, SAFE, no throw
|
Batting: RHB Lyle Johnston
|
0-0: Ball Juan Alvarado is caught stealing 2nd base 1-0: Ball 2-0: Swinging Strike 2-1: Called Strike 2-2: Foul Ball, location: 2F 2-2: Strikes out swinging
|
Batting: RHB Bill Ménard
|
0-0: Called Strike 0-1: Ball 1-1: Foul Ball, location: 2F 1-2: Ball 2-2: SINGLE (Line Drive, 56D)
|
Batting: RHB Mike Ratzlaff
|
0-0: Called Strike 0-1: Fly out, F9 (Line Drive, 89D)
|
Bottom of the 3rd over - 1 run, 3 hits, 0 errors, 1 left on base; Eau Claire 6 - Saskatoon 3 |
TOP OF THE 4TH |
Eau Claire Esquires batting - Pitching for Saskatoon Smokin' Guns : RHP Ismael Ramírez
|
Batting: RHB Jorge Silva
|
0-0: Swinging Strike 0-1: Ball 1-1: Fly out, F7 (Flyball, 7LD)
|
Batting: RHB Tom McBride
|
0-0: Ball 1-0: Ball 2-0: Called Strike 2-1: Fly out, F3 (Popup, 3SF)
|
Batting: LHB Johnny Foley
|
0-0: Fly out, F8 (Flyball, 8LM)
|
Top of the 4th over - 0 runs, 0 hits, 0 errors, 0 left on base; Eau Claire 6 - Saskatoon 3 |
BOTTOM OF THE 4TH |
Saskatoon Smokin' Guns batting - Pitching for Eau Claire Esquires : RHP Clarence Holmes
|
Batting: RHB Júlio Durán
|
0-0: Ball 1-0: Swinging Strike 1-1: Ball 2-1: Ball 3-1: Fly out, F9 (Line Drive, 9)
|
Batting: RHB Héctor Garza
|
0-0: Called Strike 0-1: Foul Ball, location: 2F 0-2: Ball 1-2: Strikes out swinging
|
Batting: RHB Júlio Rivera
|
0-0: Foul Ball, location: 2F 0-1: Swinging Strike 0-2: Strikes out swinging
|
Bottom of the 4th over - 0 runs, 0 hits, 0 errors, 0 left on base; Eau Claire 6 - Saskatoon 3 |
TOP OF THE 5TH |
Eau Claire Esquires batting - Pitching for Saskatoon Smokin' Guns : RHP Ismael Ramírez
|
Batting: SHB Paul Davenport
|
0-0: Foul Ball, location: 2F 0-1: Ball 1-1: Swinging Strike 1-2: Ball 2-2: Ball 3-2: Base on Balls
|
Batting: LHB Steve Arnold
|
0-0: Ball 1-0: Ball 2-0: Swinging Strike 2-1: Ball 3-1: Called Strike 3-2: Foul Ball, location: 2F 3-2: Base on Balls Paul Davenport to second
|
Batting: RHB River Cunningham
|
0-0: Called Strike 0-1: Fly out, F7 (Flyball, 7S)
|
Batting: RHB Claudio Rodríguez
|
0-0: Called Strike 0-1: Ball 1-1: Foul Ball, location: 2F 1-2: Strikes out swinging
|
Batting: LHB Caleb Ruíz
|
0-0: Ball 1-0: Fly out, F7 (Flyball, 78D)
|
Top of the 5th over - 0 runs, 0 hits, 0 errors, 2 left on base; Eau Claire 6 - Saskatoon 3 |
BOTTOM OF THE 5TH |
Saskatoon Smokin' Guns batting - Pitching for Eau Claire Esquires : RHP Clarence Holmes
|
Batting: RHB Luis Suárez
|
0-0: Swinging Strike 0-1: Ball 1-1: Reached on error, E2 (Groundball, 2L)
|
Batting: LHB Jim Hall
|
0-0: Foul Ball, location: 2F 0-1: Ball 1-1: Ball 2-1: Foul Ball, location: 2F 2-2: Foul Ball, location: 2F 2-2: Ball 3-2: Base on Balls
|
Batting: RHB Juan Alvarado
|
0-0: Ball 1-0: Called Strike 1-1: Ball 2-1: Foul Ball, location: 2F 2-2: Fielders Choice at 2nd, 6-4 (Groundball, 6) Luis Suárez to third
|
Batting: RHB Lyle Johnston
|
0-0: Ball 1-0: Called Strike 1-1: Ball Juan Alvarado steals 2nd base 2-1: Swinging Strike 2-2: Strikes out swinging
|
Batting: RHB Bill Ménard
|
0-0: Swinging Strike 0-1: Ground out 6-3 (Groundball, 6)
|
Bottom of the 5th over - 0 runs, 0 hits, 1 error, 2 left on base; Eau Claire 6 - Saskatoon 3 |
TOP OF THE 6TH |
Eau Claire Esquires batting - Pitching for Saskatoon Smokin' Guns : RHP Ismael Ramírez
|
Pitching: RHP Marcos Féliz
|
|
Batting: RHB Ron Moore
|
0-0: Foul Ball, location: 2F 0-1: Ball 1-1: Ball 2-1: Called Strike 2-2: Strikes out swinging
|
Batting: RHB Jorge Silva
|
0-0: Called Strike 0-1: Foul Ball, location: 2F 0-2: Ball 1-2: Strikes out looking
|
Batting: RHB Tom McBride
|
0-0: Ball 1-0: Called Strike 1-1: Ball 2-1: Swinging Strike 2-2: Strikes out looking
|
Top of the 6th over - 0 runs, 0 hits, 0 errors, 0 left on base; Eau Claire 6 - Saskatoon 3 |
BOTTOM OF THE 6TH |
Saskatoon Smokin' Guns batting - Pitching for Eau Claire Esquires : RHP Clarence Holmes
|
Batting: RHB Mike Ratzlaff
|
0-0: Ball 1-0: Fly out, F9 (Flyball, 9LS)
|
Batting: RHB Júlio Durán
|
0-0: Foul Ball, location: 2F 0-1: Ground out 4-3 (Groundball, 4)
|
Batting: RHB Héctor Garza
|
0-0: Ball 1-0: Foul Ball, location: 2F 1-1: Ball 2-1: Ball 3-1: Called Strike 3-2: Base on Balls
|
Batting: RHB Júlio Rivera
|
0-0: Called Strike Héctor Garza steals 2nd base 0-1: Foul Ball, location: 2F 0-2: Strikes out swinging
|
Bottom of the 6th over - 0 runs, 0 hits, 0 errors, 1 left on base; Eau Claire 6 - Saskatoon 3 |
TOP OF THE 7TH |
Eau Claire Esquires batting - Pitching for Saskatoon Smokin' Guns : RHP Marcos Féliz
|
Batting: LHB Johnny Foley
|
0-0: Swinging Strike 0-1: Foul Ball, location: 2F 0-2: Strikes out looking
|
Batting: SHB Paul Davenport
|
0-0: Ball 1-0: Ball 2-0: SINGLE (Flyball, 78M)
|
Batting: LHB Steve Arnold
|
0-0: Ball 1-0: Ball 2-0: Ball 3-0: Base on Balls Paul Davenport to second
|
Batting: RHB River Cunningham
|
0-0: Foul Ball, location: 2F 0-1: Ball 1-1: Ball 2-1: Ball 3-1: Fly out, F4 (Popup, 4)
|
Batting: RHB Claudio Rodríguez
|
0-0: Called Strike 0-1: Swinging Strike 0-2: Strikes out looking
|
Top of the 7th over - 0 runs, 1 hit, 0 errors, 2 left on base; Eau Claire 6 - Saskatoon 3 |
BOTTOM OF THE 7TH |
Saskatoon Smokin' Guns batting - Pitching for Eau Claire Esquires : RHP Clarence Holmes
|
Pitching: LHP John Smith
|
|
Batting: RHB Luis Suárez
|
0-0: Called Strike 0-1: Ball 1-1: Foul Ball, location: 2F 1-2: Foul Ball, location: 2F 1-2: Strikes out swinging
|
Batting: LHB Jim Hall
|
0-0: Ball 1-0: Called Strike 1-1: Called Strike 1-2: Strikes out looking
|
Batting: RHB Juan Alvarado
|
0-0: Called Strike 0-1: Fly out, F5 (Flyball, 5D)
|
Bottom of the 7th over - 0 runs, 0 hits, 0 errors, 0 left on base; Eau Claire 6 - Saskatoon 3 |
TOP OF THE 8TH |
Eau Claire Esquires batting - Pitching for Saskatoon Smokin' Guns : RHP Marcos Féliz
|
Batting: LHB Caleb Ruíz
|
0-0: Ball 1-0: Ball 2-0: Swinging Strike 2-1: Foul Ball, location: 2F 2-2: Strikes out looking
|
Batting: RHB Ron Moore
|
0-0: Ball 1-0: Called Strike 1-1: Foul Ball, location: 2F 1-2: Ball 2-2: Fly out, F4 (Flyball, 34D)
|
Batting: RHB Jorge Silva
|
0-0: Ball 1-0: Called Strike 1-1: Foul Ball, location: 2F 1-2: Strikes out swinging
|
Top of the 8th over - 0 runs, 0 hits, 0 errors, 0 left on base; Eau Claire 6 - Saskatoon 3 |
BOTTOM OF THE 8TH |
Saskatoon Smokin' Guns batting - Pitching for Eau Claire Esquires : LHP John Smith
|
Batting: RHB Lyle Johnston
|
0-0: Ball 1-0: SINGLE (Line Drive, 89M)
|
Batting: RHB Bill Ménard
|
0-0: Called Strike 0-1: Ball 1-1: Ball 2-1: Foul Ball, location: 2F 2-2: Foul Ball, location: 2F 2-2: Foul Ball, location: 2F 2-2: Fly out, F6 (Line Drive, 6)
|
Batting: RHB Mike Ratzlaff
|
0-0: Foul Ball, location: 2F 0-1: Ball 1-1: Ball 2-1: Ball 3-1: Base on Balls Lyle Johnston to second
|
Batting: RHB Júlio Durán
|
0-0: Ball 1-0: Ball 2-0: Ground out 5-3 (Groundball, 56S) Lyle Johnston to third Mike Ratzlaff to second
|
Batting: RHB Héctor Garza
|
0-0: Fly out, F7 (Flyball, 7S)
|
Bottom of the 8th over - 0 runs, 1 hit, 0 errors, 2 left on base; Eau Claire 6 - Saskatoon 3 |
TOP OF THE 9TH |
Eau Claire Esquires batting - Pitching for Saskatoon Smokin' Guns : RHP Marcos Féliz
|
Batting: RHB Tom McBride
|
0-0: Fly out, F8 (Flyball, 8RM)
|
Batting: LHB Johnny Foley
|
0-0: Ball 1-0: Ball 2-0: Ball 3-0: Base on Balls
|
Batting: SHB Paul Davenport
|
0-0: Called Strike 0-1: Called Strike 0-2: Ball Johnny Foley is caught stealing 2nd base 1-2: Foul Ball, location: 2F 1-2: Ground out 5-3 (Groundball, 5)
|
Top of the 9th over - 0 runs, 0 hits, 0 errors, 0 left on base; Eau Claire 6 - Saskatoon 3 |
BOTTOM OF THE 9TH |
Saskatoon Smokin' Guns batting - Pitching for Eau Claire Esquires : LHP John Smith
|
Pitching: LHP Matthew Hernández
|
|
Batting: RHB Júlio Rivera
|
0-0: Called Strike 0-1: Ball 1-1: Ball 2-1: Ball 3-1: Called Strike 3-2: Foul Ball, location: 2F 3-2: Foul Ball, location: 2F 3-2: Base on Balls
|
Batting: RHB Luis Suárez
|
0-0: Called Strike 0-1: Ball 1-1: Ball 2-1: SINGLE (Line Drive, 34D) Júlio Rivera to second
|
Pinch Hitting: RHB Juan Mota
|
0-0: Called Strike 0-1: Fly out, F9 (Line Drive, 9)
|
Batting: RHB Juan Alvarado
|
0-0: Called Strike 0-1: Ball 1-1: Ball 2-1: Foul Ball, location: 2F 2-2: SINGLE (Groundball, 56S) (infield hit) Júlio Rivera to third Luis Suárez to second
|
Batting: RHB Lyle Johnston
|
0-0: Swinging Strike 0-1: Ball 1-1: Foul Ball, location: 2F 1-2: Ball 2-2: Foul Ball, location: 2F 2-2: Ball 3-2: Foul Ball, location: 2F 3-2: Grounds into double play, 6-4-3 (Groundball, 6)
|
Bottom of the 9th over - 0 runs, 2 hits, 0 errors, 2 left on base; Eau Claire 6 - Saskatoon 3 |
|